 Dungeon Crawl Stone Soup version 0.28.0-45-g0d030f2227 (webtiles) character file.

Game seed: 1593664557212298848

12577 poisonrat88 the Cleaver (level 11, -9/151 HPs)
             Began as a Minotaur Berserker on Apr 24, 2022.
             Was a Priest of Trog.
             Hit by a large rock thrown by a cyclops (23 damage)
             ... on level 11 of the Dungeon.
             The game lasted 00:15:15 (12996 turns).

poisonrat88 the Cleaver (Minotaur Berserker)       Turns: 12996, Time: 00:15:15

Health: -9/151     AC: 21    Str: 25    XL:     11   Next: 64%
Magic:  10/10      EV: 10    Int:  4    God:    Trog [***...]
Gold:   626        SH:  0    Dex: 11    Spells: 10/10 levels left

rFire   . . .      SeeInvis .   r - +7 hand axe
rCold   . . .      Faith    .   (no shield)
rNeg    + . .      Spirit   .   n - +0 plate armour
rPois   .          Reflect  .   (helmet restricted)
rElec   .          Harm     .   x - +1 cloak
rCorr   .          Rampage  .   m - +0 pair of gloves
Will    .....                   A - +0 pair of boots
Stlth   ..........              (no amulet)
HPRegen 0.35/turn               k - ring of positive energy
MPRegen 0.12/turn               (no ring)

@: berserking, slowed
A: horns 2, retaliatory headbutt
a: Renounce Religion, Berserk, Trog's Hand


You were on level 11 of the Dungeon.
You worshipped Trog.
Trog was most pleased with you.
You visited 1 branch of the dungeon, and saw 11 of its levels.

You collected 626 gold pieces.

Inventory:

Hand Weapons
 a - a +0 hand axe
 i - the +4 spear of Defence by Offence {drain, rC- rCorr Str+4 Stlth+}
   (You found it on level 2 of the Dungeon)

   A truly terrible weapon, it drains the life of any living foe it strikes.
   Str:       It affects your strength (+4).
   rC:        It makes you vulnerable to cold.
   rCorr:     It protects you from acid and corrosion.
   Stlth:     It makes you more stealthy.
 r - a +7 hand axe (weapon)
 s - a +0 battleaxe
Missiles
 y - 2 throwing nets (quivered)
Armour
 h - +0 steam dragon scales
 m - a +0 pair of gloves (worn)
 n - a +0 plate armour (worn)
 x - a +1 cloak (worn)
 A - a +0 pair of boots (worn)
Jewellery
 k - a ring of positive energy (left hand)
 u - an amulet of faith
 F - a ring of protection from cold
 H - a ring of positive energy
Wands
 g - a wand of digging (5)
 p - a wand of flame (30)
 z - a wand of polymorph (14)
 E - a wand of mindburst (5)
Scrolls
 b - 2 scrolls of fear
 l - 2 scrolls of silence {unknown}
 q - 2 scrolls of teleportation
 t - 2 scrolls of identify
 C - a scroll of enchant weapon
 D - 2 scrolls of enchant armour {unknown}
 G - a scroll of amnesia {unknown}
Potions
 c - 6 potions of lignification
 d - a potion of berserk rage {unknown}
 e - a potion of attraction
 f - 5 potions of mutation
 j - a potion of degeneration {unknown}
 o - a potion of brilliance {unknown}
 v - 3 potions of heal wounds
 w - a potion of cancellation {unknown}
 B - a potion of flight {unknown}


   Skills:
 * Level 10.5 Fighting
 * Level 14.3 Axes
 + Level 0.1 Throwing
 * Level 12.6 Armour
 * Level 7.3 Dodging
 + Level 0.3 Stealth


You had 10 spell levels left.
You didn't know any spells.
Your spell library was empty.

Dungeon Overview and Level Annotations

Branches:
Dungeon (11/15)            Temple (0/1) D:7
   Lair: D:8-11         Orc: D:9-12

Altars:
Ashenzari
Hepliaklqana
Nemelex Xobeh
Uskayaw
Vehumet
Zin


Innate Abilities, Weirdness & Mutations

You have a pair of horns on your head.
You reflexively headbutt those who attack you in melee.


Message History

You slash the yak!
You hear a shout!
Items here: ( )) ? †.
You slice the yak!! You headbutt the yak.
You kill the yak!
Trog accepts your kill.
The killer bee stings you but does no damage.
A cyclops comes into view.
You see here a yak corpse.
You hit the killer bee. Your headbutt misses the killer bee.
The killer bee is moderately wounded.
A freezing wraith comes into view.
The killer bee stings you.
* * * LOW HITPOINT WARNING * * *
You hit the killer bee. You headbutt the killer bee.
You feel the power of Trog in you as your rage grows.
You kill the killer bee!
Trog accepts your kill.
You hit the hornet. Your punch misses the hornet.
The hornet is lightly wounded.
The hornet completely misses you.
You closely miss the hornet.
The hornet is lightly wounded.
You closely miss the hornet.
The hornet is lightly wounded.
The hornet stings you but does no damage.
You closely miss the hornet. Your headbutt misses the hornet.
The hornet is lightly wounded.
You slice the hornet!!
The hornet is almost dead.
You hear a howl!
The hornet stings you.
* * * LOW HITPOINT WARNING * * *
You feel yourself slow down.
You slice the hornet!!
You kill the hornet!
Trog accepts your kill.
You slash the freezing wraith!
The cyclops throws a large rock.
The large rock hits you!!
You die...

.. # #.
.. ###
### ##..
..##
#...#...#
##)##
#.W.#
#.@.#
#.(.#
#...#
#...#
##C## .#.
. . # #


You could see a cyclops and a freezing wraith.

Vanquished Creatures
  Erica (D:11)
  3 two-headed ogres
  Nergalle (D:11)
  Maurice (D:9)
  A gargoyle (D:9)
  An unseen horror (D:11)
  A troll (D:8)
  Grinder (D:3)
  4 hornets
  A meliai zombie (D:10)
  3 vampires
  2 wraiths
  7 yaks
  2 wyverns
  Sigmund (D:3)
  A basilisk (D:9)
  4 steam dragons
  An acid dragon (D:10)
  2 water moccasins
  5 orc warriors
  2 ice beasts (D:5)
  A black bear (D:6)
  3 ogres
  5 sky beasts
  5 centaurs
  A kobold brigand (D:8)
  2 bullfrogs
  Blork the orc (D:5)
  A gnoll sergeant (D:5)
  5 scorpions
  A wyvern skeleton (D:3)
  7 killer bees
  3 wights (D:4)
  3 howler monkeys
  3 centaur zombies
  8 orc priests
  5 hounds
  3 jellies
  A centaur skeleton (D:7)
  2 iguanas
  Jessica (D:3)
  7 orc wizards
  A killer bee zombie (D:7)
  7 adders
  3 gnolls (D:5)
  A howler monkey skeleton (D:2)
  2 shadow imps
  A white imp (D:8)
  An ufetubus (D:7)
  2 adder skeletons
  2 adder zombies
  2 worms
  A dart slug (D:1)
  18 orcs
  9 bats
  A bat skeleton (D:2)
  A bat zombie (D:2)
  5 endoplasms
  2 giant cockroaches
  7 goblins
  4 hobgoblins
  4 jackals (D:1)
  8 quokkas
  2 ball pythons
  A ball python zombie (D:2)
  2 frilled lizards
  A giant cockroach zombie (D:2)
  11 kobolds
  A quokka zombie (D:2)
  6 rats
219 creatures vanquished.

Vanquished Creatures (others)
  A slime creature (D:11)
1 creature vanquished.

Grand Total: 220 creatures vanquished

Notes
Turn   | Place    | Note
-------+----------+-------------------------------------------
     0 | D:1      | poisonrat88 the Minotaur Berserker began the quest for the
                  | Orb.
     0 | D:1      | Reached XP level 1. HP: 19/19 MP: 0/0
   172 | D:1      | Reached XP level 2. HP: 27/27 MP: 1/1
   251 | D:1      | Reached skill level 4 in Axes
   719 | D:2      | Reached XP level 3. HP: 33/33 MP: 2/2
   845 | D:2      | Reached ** piety under Trog
  1023 | D:2      | Found a faded altar of an unknown god.
  1048 | D:2      | Identified the +4 spear of Defence by Offence {drain, rC-
                  | rCorr Str+4 Stlth+}
  1278 | D:2      | Reached XP level 4. HP: 41/41 MP: 3/3
  1666 | D:3      | Reached skill level 5 in Axes
  2047 | D:3      | Found a glowing silver altar of Zin.
  2138 | D:3      | Noticed Sigmund
  2147 | D:3      | Killed Sigmund
  2148 | D:3      | Reached skill level 6 in Axes
  2148 | D:3      | Reached XP level 5. HP: 47/47 MP: 4/4
  2148 | D:3      | Reached XP level 6. HP: 55/55 MP: 5/5
  2246 | D:3      | Noticed Jessica
  2252 | D:3      | Killed Jessica
  2294 | D:3      | Noticed Grinder
  2296 | D:3      | Paralysed by Grinder for 2 turns
  2305 | D:3      | Paralysed by Grinder for 4 turns
  2313 | D:3      | Killed Grinder
  2314 | D:3      | Reached skill level 5 in Fighting
  2314 | D:3      | Reached skill level 7 in Axes
  2314 | D:3      | Reached XP level 7. HP: 54/61 MP: 6/6
  2950 | D:4      | Reached skill level 5 in Armour
  3447 | D:4      | Reached skill level 8 in Axes
  4259 | D:5      | Entered Level 5 of the Dungeon
  4577 | D:5      | Reached *** piety under Trog
  4578 | D:5      | Reached XP level 8. HP: 70/70 MP: 7/7
  4602 | D:5      | Noticed Blork the orc
  4630 | D:5      | Killed Blork the orc
  4631 | D:5      | Reached skill level 9 in Axes
  5184 | D:5      | HP: 1/70 [gnoll sergeant/+0 trident (8)]
  5896 | D:6      | Reached skill level 10 in Axes
  6089 | D:6      | Reached XP level 9. HP: 67/78 MP: 8/8
  6415 | D:6      | Reached skill level 5 in Dodging
  6673 | D:7      | Found a staircase to the Ecumenical Temple.
  7346 | D:7      | Found a broken altar of Ashenzari.
  7851 | D:8      | Noticed a troll
  7861 | D:8      | Killed a troll
  7862 | D:8      | Reached skill level 11 in Axes
  8453 | D:8      | Reached skill level 10 in Armour
  8474 | D:8      | Reached XP level 10. HP: 48/88 MP: 9/9
  8737 | D:8      | Found a sparkling altar of Nemelex Xobeh.
  9012 | D:9      | Reached **** piety under Trog
  9022 | D:9      | Reached skill level 12 in Axes
  9822 | D:9      | Noticed a gargoyle
  9839 | D:9      | Killed a gargoyle
  9921 | D:9      | Noticed Maurice
  9943 | D:9      | Killed Maurice
  9944 | D:9      | Reached skill level 13 in Axes
  9947 | D:9      | Noticed a two-headed ogre
  9969 | D:9      | Killed a two-headed ogre
  9970 | D:9      | Reached XP level 11. HP: 32/97 MP: 10/10
 10810 | D:9      | Found a hazy altar of Hepliaklqana.
 10908 | D:10     | Entered Level 10 of the Dungeon
 10936 | D:10     | Found a radiant altar of Vehumet.
 11102 | D:10     | Noticed a two-headed ogre
 11103 | D:10     | Noticed a two-headed ogre
 11111 | D:10     | Killed a two-headed ogre
 11112 | D:10     | Reached skill level 10 in Fighting
 11122 | D:10     | Killed a two-headed ogre
 12056 | D:11     | Found a hide-covered altar of Uskayaw.
 12223 | D:11     | Reached skill level 14 in Axes
 12675 | D:11     | Noticed Erica
 12691 | D:11     | Killed Erica
 12883 | D:11     | Noticed Nergalle
 12916 | D:11     | Killed Nergalle
 12918 | D:11     | Noticed a boulder beetle
 12924 | D:11     | Noticed a six-headed hydra
 12928 | D:11     | Noticed a centaur warrior
 12935 | D:11     | Noticed a two-headed ogre
 12956 | D:11     | HP: 1/101 [boulder beetle (7)]
 12996 | D:11     | Hit by a large rock thrown by a cyclops

Illustrated notes

Levels and vault maps discovered:
D:1:      lightli_arrival_chessboard, layout_loops_ring
D:2:      layout_loops_ring, serial_undead, serial_undead_a, serial_undead_c,
          serial_undead_b, serial_undead_b, serial_undead_b, serial_undead_e,
          hellmonk_ecumenical_altar_blasted
D:3:      minmay_chambers_of_twos, layout_loops_ring, zin_statuary,
          uniq_grinder, uniq_sigmund, uniq_jessica
D:4:      layout_loops_ring
D:5:      layout_loops_ring, kennysheep_generic_room_16, uniq_blork_the_orc
D:6:      layout_rooms
D:7:      layout_cave_pools, lemuel_crystal_altar, minmay_temple_entry_glass
D:8:      layout_loops_ring, nemelex_xobeh_ov_fountains_minmay,
          hangedman_misty_isle
D:9:      layout_small_grid, nzn_hepliaklqana_mist_gate, st_stairs_11,
          minmay_liquid_box, uniq_maurice
D:10:     layout_rooms, vehumet_crystals
D:11:     minmay_the_grid_octo_tiled_squarecenter [minmay_the_grid_octo_toaster,
          minmay_the_grid_octo_horde, minmay_the_grid_octo_chip,
          minmay_the_grid_octo_pinwheel,
          minmay_the_grid_square_5x5_megaprize_diamond,
          minmay_the_grid_square_5x5_spiral,
          minmay_the_grid_square_5x5_hourglass,
          minmay_the_grid_square_5x5_pentomino_r,
          minmay_the_grid_square_5x5_meh], layout_loops_ring, lair_entry_dummy,
          nicolae_uskayaw_dance_hall, uniq_erica, uniq_nergalle

Skill      XL: |  1  2  3  4  5  6  7  8  9 10 11 |
---------------+----------------------------------+-----
Fighting       | 4 5 6 7 9 10 | 10.5
Axes           | 4 6 7 8 10 11 13 14 | 14.3
Armour         | 4 6 7 10 11 12 | 12.6
Dodging        | 3 4 5 6 7 |  7.3
Throwing       | |  0.1
Stealth        | |  0.3

Action                   |  1- 3 |  4- 6 |  7- 9 | 10-12 || total
-------------------------+-------+-------+-------+-------++-------
Melee: Hand axe          |    95 |    63 |   259 |   291 ||   708
       Headbutt          |    18 |    11 |    35 |    62 ||   126
       Punch             |       |       |     1 |     1 ||     2
Throw: Throwing net      |       |       |       |     1 ||     1
Invok: Berserk           |     1 |     1 |     6 |     7 ||    15
       Trog's Hand       |       |       |     2 |     3 ||     5
  Use: Scroll            |       |       |    12 |     3 ||    15
       Potion            |       |       |     3 |     1 ||     4
Armor: Animal skin       |     7 |       |       |       ||     7
       Ring mail         |    33 |       |       |       ||    33
       Chain mail        |     4 |    40 |    17 |       ||    61
       Plate armour      |       |       |   115 |   230 ||   345
Dodge: Dodged            |    71 |    21 |    94 |    99 ||   285
